 Dungeon Crawl Stone Soup version 0.21-a0-442-g848f44b (webtiles) character file.

7325 krabocopter the Cleaver (level 11, -12/102 HPs)
             Began as a Hill Orc Fighter on Nov 13, 2017.
             Was a Follower of Ashenzari.
             Killed from afar by a gargoyle (17 damage)
             ... with a stone arrow
             ... on level 11 of the Dungeon.
             The game lasted 00:26:07 (9806 turns).

krabocopter the Cleaver (Hill Orc Fighter)          Turns: 9806, Time: 00:26:07

Health: -12/102    AC: 14    Str: 25    XL:     11   Next: 13%
Magic:  0/11       EV:  9    Int: 11    God:    Ashenzari [*.....]
Gold:   580        SH: 11    Dex: 10    Spells: 9/10 levels left

rFire    . . .     SeeInvis .   a - +0 war axe
rCold    + . .     Gourm    .   c - +0 shield
rNeg     . . .     Faith    .   F - +0 scale mail {MR+}
rPois    .         Spirit   +   x - +0 helmet
rElec    .         Reflect  .   A - +2 cloak (curse)
rCorr    .         Harm     .   (no gloves)
MR       +....                  I - +0 pair of boots (curse)
Stlth    +.........             e - amulet of guardian spirit
HPRegen  0.27/turn              G - ring of protection from cold
MPRegen  0.12/turn              p - ring of stealth

@: mighty
A: no striking features
a: Curse Item, Scrying, Renounce Religion


You were on level 11 of the Dungeon.
You worshipped Ashenzari.
Ashenzari was aware of your devotion.
You were not hungry.

You visited 2 branches of the dungeon, and saw 12 of its levels.

You collected 580 gold pieces.

Inventory:

Hand Weapons
 a - a +0 war axe (weapon)
 s - a +3 shortbow
Missiles
 u - 10 tomahawks (quivered)
Armour
 c - a +0 shield (worn)
 x - a +0 helmet (worn)
 A - a cursed +2 cloak (worn)
 C - a +1 ring mail of poison resistance
 F - a +0 scale mail of magic resistance (worn)
 I - a cursed +0 pair of boots (worn)
Jewellery
 e - an amulet of guardian spirit (around neck)
 g - an uncursed ring of magical power
 h - an uncursed amulet of the gourmand
 p - a ring of stealth (right hand)
 G - a ring of protection from cold (left hand)
Wands
 n - a wand of digging (12/24)
 E - a wand of paralysis (5/24)
 M - a wand of disintegration (11/24)
 O - a wand of clouds (5/9)
Scrolls
 i - 2 scrolls of magic mapping
 j - 4 scrolls of teleportation
 m - 2 scrolls of enchant armour
 q - 7 scrolls of identify
 y - a scroll of enchant weapon {unknown}
 z - a scroll of remove curse
 H - a scroll of fear {unknown}
 K - a scroll of fog {unknown}
 N - a scroll of random uselessness {unknown}
Potions
 b - a potion of lignification
 d - 2 potions of might
 k - a potion of mutation
 l - a potion of agility {unknown}
 r - 3 potions of curing
 t - a potion of ambrosia
 w - 2 potions of heal wounds
 B - a potion of resistance
 J - a potion of flight
Books
 v - a book of Minor Magic

   Spells                             Type                      Level
   a - Magic Dart                     Conjuration                  1
   b - Blink                          Translocation                2
   c - Call Imp                       Summoning                    2
   d - Slow                           Hexes                        2
   e - Conjure Flame                  Conjuration/Fire             3
   f - Mephitic Cloud                 Conjuration/Poison/Air       3
Comestibles
 f - 7 bread rations
 o - 8 royal jellies
 D - 9 fruits
 L - 4 meat rations


   Skills:
 - Level 11.4 Fighting
 + Level 11.6 Axes
 + Level 9.1 Armour
 + Level 2.2 Dodging
 - Level 8.5 Shields


You had 9 spell levels left.
You knew the following spells:

 Your Spells              Type           Power        Failure   Level  Hunger
a - Magic Dart            Conj           #...         86%         1    ##.....


Dungeon Overview and Level Annotations

Branches:
Dungeon (11/15)            Temple (1/1) D:5
   Lair: D:8-11         Orc: D:9-12

Altars:
Ashenzari
Cheibriados
Dithmenos
Elyvilon
Fedhas
Gozag
Hepliaklqana
Kikubaaqudgha
Makhleb
Nemelex Xobeh
Okawaru
Qazlal
Ru
Sif Muna
Trog
Uskayaw
Vehumet
Wu Jian
Xom
Yredelemnul
Zin
The Shining One

Shops:
D:9 ([


Message History

The hippogriff barely misses you. You block the hippogriff's attack.
The gargoyle hits you with a mace!
* * * LOW HITPOINT WARNING * * *
You take 11 damage, and have 13/102 hp.
You now have 1/11 mp.
You slice the orc warrior!!
You kill the orc warrior!
You completely miss the hippogriff. The hippogriff closely misses you.
You block the hippogriff's attack. The hippogriff completely misses you.
The gargoyle hurls a stone arrow at you.
The stone arrow hits you!
* * * LOW HITPOINT WARNING * * *
The orc hits you but does no damage.
You see here an arrow.
You take 8 damage, and have 5/102 hp.
You now have 0/11 mp.
You barely miss the hippogriff. The hippogriff completely misses you.
You block the hippogriff's attack.
The hippogriff claws you but does no damage.
The gargoyle hurls a stone arrow at you.
The stone arrow hits you!
You die...

........# ...?... ........#
.##.o.## ........## .# #.#
....(.. .###. ?.%Y##.....
#o.)...... ###9o)......
##.(H))....>.
####(@.Y........
##.....#>........
###########...####.........
#.....#.......# ##########
.............##
..............#
..............#
..............#
...........<..#


You could see an elephant, a hippogriff, a gargoyle, an ice beast and 2 orcs.

Vanquished Creatures
  2 two-headed ogres
  A skeletal warrior (D:9)
  A hippogriff (D:7)
  3 hogs (D:7)
  Eustachio (D:5)
  A yak (D:7)
  Grum (D:8)
  A human (D:7)
  5 orc warriors
  2 ice beasts
  A sky beast (D:8)
  An eye of draining (D:10)
  A phantom (D:7)
  A necrophage (D:6)
  4 ogres
  7 centaurs
  4 wolves (D:8)
  4 bullfrogs
  2 scorpions
  A howler monkey (D:4)
  5 crimson imps
  7 orc priests
  A bullfrog skeleton (D:6)
  7 hounds
  2 jellies
  Crazy Yiuf (D:3)
  2 centaur skeletons
  2 iguanas
  9 orc wizards
  5 worker ants
  3 hound zombies
  A hound skeleton (D:4)
  A worker ant zombie (D:7)
  A howler monkey zombie (D:6)
  5 gnolls
  4 adders
  A shadow imp (D:5)
  An adder zombie (D:7)
  2 adder skeletons
  3 worms
  8 leopard geckos
  36 orcs
  3 bats (D:2)
  3 giant cockroaches
  8 goblins
  4 hobgoblins
  8 jackals
  5 quokkas
  A ball python (D:3)
  4 frilled lizards
  A jackal skeleton (D:5)
  3 kobolds (D:3)
  12 rats
203 creatures vanquished.

Notes
Turn   | Place    | Note
-------+----------+-------------------------------------------
     0 | D:1      | krabocopter the Hill Orc Fighter began the quest for the Orb.
     0 | D:1      | Reached XP level 1. HP: 19/19 MP: 1/1
    68 | D:1      | Reached XP level 2. HP: 27/27 MP: 2/2
   326 | D:1      | Reached XP level 3. HP: 33/33 MP: 3/3
   791 | D:2      | Reached skill level 5 in Axes
   791 | D:2      | Reached XP level 4. HP: 9/41 MP: 3/4
  1213 | D:2      | Found a hazy altar of Hepliaklqana.
  1642 | D:3      | Found a runed door.
  1745 | D:3      | Reached XP level 5. HP: 46/47 MP: 5/5
  1982 | D:3      | Found an ancient bone altar of Kikubaaqudgha.
  2414 | D:3      | Found a deep blue altar of Sif Muna.
  2502 | D:3      | Noticed Crazy Yiuf
  2510 | D:3      | Killed Crazy Yiuf
  2510 | D:3      | Reached skill level 5 in Fighting
  2782 | D:4      | Reached XP level 6. HP: 50/56 MP: 6/6
  2851 | D:4      | Reached XP level 7. HP: 43/63 MP: 7/7
  2950 | D:3      | Found a stormy altar of Qazlal.
  3123 | D:4      | Found a radiant altar of Vehumet.
  3258 | D:4      | Found a blossoming altar of Fedhas.
  3374 | D:4      | Reached XP level 8. HP: 71/73 MP: 8/8
  3423 | D:5      | Entered Level 5 of the Dungeon
  3493 | D:5      | Noticed Eustachio
  3501 | D:5      | Killed Eustachio
  3501 | D:5      | Reached skill level 10 in Axes
  3578 | D:5      | Learned a level 1 spell: Magic Dart
  4110 | D:5      | Found a shimmering altar of Xom.
  4173 | D:5      | Found a staircase to the Ecumenical Temple.
  4261 | D:5      | You fall through a shaft!
  4729 | Temple   | Entered the Ecumenical Temple
  4802 | Temple   | Became a worshipper of Ashenzari the Shackled
  4891 | D:6      | Reached XP level 9. HP: 82/82 MP: 9/9
  5462 | D:7      | Reached skill level 5 in Armour
  5462 | D:7      | Reached skill level 5 in Shields
  6594 | D:7      | Reached skill level 10 in Fighting
  6796 | D:8      | Reached XP level 10. HP: 71/93 MP: 7/10
  6801 | D:8      | Found a glowing golden altar of the Shining One.
  7178 | D:8      | Noticed Grum
  7197 | D:8      | Killed Grum
  7557 | D:9      | Found Ymaulu Iroann's Antique Armour Boutique.
  7687 | D:9      | Found Loclekh's Weapon Shop.
  7718 | D:9      | Noticed a two-headed ogre
  7728 | D:9      | Killed a two-headed ogre
  7801 | D:9      | Noticed a skeletal warrior
  7852 | D:9      | Killed a skeletal warrior
  7986 | D:9      | Noticed a death knight
  7987 | D:9      | Noticed a skeletal warrior
  8220 | D:10     | Entered Level 10 of the Dungeon
  8383 | D:10     | Noticed a two-headed ogre
  8407 | D:10     | Killed a two-headed ogre
  8756 | D:10     | Reached * piety under Ashenzari
  9256 | D:10     | Reached skill level 1 in Dodging
  9448 | D:10     | Reached XP level 11. HP: 96/102 MP: 8/11
  9804 | D:11     | HP: 5/102 [gargoyle/stone arrow (9)]
  9806 | D:11     | Killed from afar by a gargoyle

Vault maps used:
D:1:      dpeg_arrival_stone_temple_mockup
D:2:      old_standard_altar, minmay_misc_feat_plants
D:3:      nicolae_overflow_hidden_temple, uniq_crazy_yiuf_cottage
D:4:      fedhas_altar_fruit_tree, kennysheep_mini
D:5:      nicolae_overflow_crystal_walls, minmay_temple_entry_trees,
          first_bread, uniq_eustachio
D:7:      grunt_livestock
D:8:      old_standard_altar, uniq_grum
D:9:      serial_shops, shop_fountains, nicolae_shop_behind_doors, shop,
          nicolae_shop_behind_doors, shop, uniq_joseph
D:11:     david_lair_generic, basic_altar
Temple:   nicolae_temple_great_sept

Skill      XL: |  1  2  3  4  5  6  7  8  9 10 11 |
---------------+----------------------------------+-----
Axes           | 3 4 5 6 8 9 11 | 11.6
Fighting       | 4 5 6 7 8 10 11 | 11.4
Armour         | 4 6 8 9 |  9.1
Shields        | 4 6 8 |  8.5
Dodging        | 1 2 |  2.2

Action                   |  1- 3 |  4- 6 |  7- 9 | 10-12 || total
-------------------------+-------+-------+-------+-------++-------
Melee: War axe           |    81 |   172 |   364 |   254 ||   871
Invok: Curse Item        |       |       |     1 |     1 ||     2
  Use: Potion            |       |     1 |     8 |     8 ||    17
       Scroll            |       |       |     5 |       ||     5
  Eat: Chunk             |       |     7 |    13 |     8 ||    28
       Fruit             |       |       |       |     2 ||     2
Armor: Scale mail        |    34 |    71 |    94 |    88 ||   287
       Ring mail         |       |       |    35 |       ||    35
Dodge: Dodged            |    26 |    40 |    78 |    77 ||   221
Block: Shield            |    38 |    70 |   142 |   131 ||   381

Table legend:
 A = Spawn XP
 B = Non-spawn XP
 C = Spawn XP percentage of total XP
 D = Spawn monster count
 E = Non-spawn monster count
 F = Spawn count percentage of total count
 G = Total turns spent on level
                    A         B        C        D         E        F      G
               +---------+---------+-------+---------+---------+-------+---------
         Total |       0 |   10465 |   0.0 |       0 |     203 |   0.0 |  9806
               +---------+---------+-------+---------+---------+-------+---------
           D:1 |       0 |      35 |   0.0 |       0 |      14 |   0.0 |   692
           D:2 |       0 |      80 |   0.0 |       0 |      17 |   0.0 |   752
           D:3 |       0 |     120 |   0.0 |       0 |      21 |   0.0 |  1438
           D:4 |       0 |     984 |   0.0 |       0 |      35 |   0.0 |   541
           D:5 |       0 |     730 |   0.0 |       0 |      26 |   0.0 |  1240
           D:6 |       0 |     833 |   0.0 |       0 |      14 |   0.0 |   654
           D:7 |       0 |    1713 |   0.0 |       0 |      20 |   0.0 |  1325
           D:8 |       0 |     911 |   0.0 |       0 |      11 |   0.0 |   828
           D:9 |       0 |    1928 |   0.0 |       0 |      11 |   0.0 |   658
          D:10 |       0 |    2157 |   0.0 |       0 |      27 |   0.0 |  1500
          D:11 |       0 |     974 |   0.0 |       0 |       7 |   0.0 |    86
               +---------+---------+-------+---------+---------+-------+---------
